 Dungeon Sprint DCSS version 0.31-a0-818-ge7c7cf74f0 (webtiles) character file.

Game seed: 6799667288930076059

117 sircluck the Ruffian (level 4, -7/75 HPs)
             Began as a Troll Berserker on Sept 22, 2023.
             Was a Priest of Trog.
             Mangled by a fire elemental (11 damage)
             ... summoned by a deep elf pyromancer
             ... in the Dungeon (Sprint III: "The Ten Rune Challenge").
             The game lasted 00:00:53 (177 turns).

sircluck the Ruffian (Troll Berserker)               Turns: 177, Time: 00:00:54

Health: -7/75      AC:  4    Str: 27    XL:     4   Next: 71%
Magic:  3/3        EV: 11    Int:  3    God:    Trog [***...]
Gold:   25         SH:  0    Dex:  9    Spells: 3/3 levels left

rFire   . .          .
                       - Unarmed
rCold   . . .        (no shield)
rNeg    . . .        a - +0 animal skin
rPois   .            (helmet restricted)
rElec   .            (no cloak)
rCorr   .            (gloves unavailable)
SInv    .            (boots unavailable)
Will    .....        (no amulet) Stlth
                     (no ring)
HPRegen 1.92/turn    (no ring)
MPRegen 0.08/turn

%: no teleportation
@: berserking, very quick
A: large, unfitting armour, claws 3, regeneration 2, shaggy fur 1, tough skin 1
a: Renounce Religion, Berserk, Trog's Hand


You were in the Dungeon.
You worshipped Trog.
Trog was most pleased with you.
You visited 1 branch You collected 25 gold pieces.

Inventory:

Armour
 a - a +0 animal skin (worn)
Scrolls
 j - a scroll of immolation {unknown}
 k - 2 scrolls of poison {unknown}
 l - a scroll of identify {unknown}
Potions
 b - 2 potions of curing
 d - a potion of haste
 e - 2 potions of magic
 f - a potion of berserk rage
 h - a potion of attraction {unknown}
 i - 2 potions of mutation
 m - a potion of brilliance {unknown}
 n - 2 potions of enlightenment


   Skills:
 + Level 5.1 Fighting
 + Level 5.1 Dodging
 + Level 6.1 Unarmed Combat


You had 3 spell levels left.
You didn't know any spells.
Your spell library was empty.

Dungeon Overview and Level Annotations

Branches:
Dungeon (1/1)

Altars:
Elyvilon
Zin
The Shining One


Innate Abilities, Weirdness & Mutations

You are too large for most types of armour.
You have claws for hands.
You heal very quickly.
You are covered in fur. (AC +1)
You have tough skin. (AC +1)


Message History

The deep elf pyromancer blinks!
The fire elemental hits you. The fire elemental burns you!
The fire elemental hits you. The fire elemental burns you!
You miss the fire elemental.
The fire elemental is moderately damaged.
The fire elemental hits you. The fire elemental burns you!
The fire elemental hits you. The fire elemental burns you!
* * * LOW HITPOINT WARNING * * *
You are too injured to fight recklessly!
You are too injured to fight recklessly!
You are too injured to fight recklessly!
You are too injured to fight recklessly!
Blink to where?
Press: ? - help, Q - select action, (/) - cycle Dir - move target
As you read the scroll of blinking, it crumbles to dust.
You enter the shallow water.
You start resting.
A fire elemental is nearby!
The fire elemental hits you. The fire elemental burns you!
* * * LOW HITPOINT WARNING * * *
You feel much better. The fire elemental barely misses you.
Unknown command.
Unknown command.
A red film seems to cover your vision as you go berserk!
You feel yourself moving faster!
You feel mighty! The fire elemental hits you. The fire elemental burns you!
The fire elemental barely misses you.
The deep elf pyromancer points at you and mumbles some strange words.
The bolt of fire hits the fire elemental.
The fire elemental completely resists.
The bolt of fire hits you!!
* * * LOW HITPOINT WARNING * * *
The tree burns like a torch!
You claw the fire elemental!
The fire elemental is heavily damaged.
The fire elemental hits you. The fire elemental burns you!
* * * LOW HITPOINT WARNING * * *
The fire elemental closely misses you.
You claw the fire elemental!
The fire elemental is almost destroyed.
The fire elemental hits you. The fire elemental burns you!
You die...

▓▓▓▓▓▓▓▓▓▓▓ ▓▓▓
▓<.#..'...♣♣♣♣ ♣.#####
▓..#..#......♣ ♣.#_°_#
▓#'####.....♣♣♣♣♣.#e○E#
▓.....#....~.♣♣§@.###E#+###+#
▓.....#...~~♣..E♣E#..........
▓.....#..~~†~.♣○♣°e.⌠...§....
▓####'#..~≈≈~~~♣☼.#...######+
▓)..†)#.~~≈~~~..☼.#.⌠.#
▓.....#.~≈~~~.....#...#
▓.....#.~~~.......#+###
▓'#####...........#
▓.................#


You could see a deep elf pyromancer and 2 fire elementals.

Vanquished Creatures
  A water elemental (D)
  Jessica (D)
  A human (D)
  A wolf (D)
  An endoplasm (D)
  2 rats (D)
7 creatures vanquished.

Notes
Turn   | Place    | Note
-------+----------+-------------------------------------------
     0 | D        | sircluck the Troll Berserker began the quest for the Orb.
     0 | D        | Reached XP level 1. HP: 22/22 MP: 0/0
    11 | D        | Noticed Jessica
    15 | D        | Killed Jessica
    15 | D        | Reached ** piety under Trog
    16 | D        | Reached skill level 4 in Unarmed Combat
    16 | D        | Reached XP level 2. HP: 21/32 MP: 1/1
    18 | D        | Reached XP level 3. HP: 29/39 MP: 2/2
    73 | D        | Reached *** piety under Trog
    74 | D        | Reached skill level 5 in Unarmed Combat
    94 | D        | Noticed a water elemental
   116 | D        | Gained mutation: You have large cloven feet. [potion of
                  | mutation]
   117 | D        | Lost mutation: You have large cloven feet. [potion of
                  | mutation]
   117 | D        | Gained mutation: You heal very quickly. [potion of
                  | mutation]
   136 | D        | Killed a water elemental
   137 | D        | Reached skill level 5 in Fighting
   137 | D        | Reached skill level 5 in Dodging
   137 | D        | Reached skill level 6 in Unarmed Combat
   137 | D        | Reached XP level 4. HP: 24/50 MP: 3/3
   163 | D        | Found a glowing silver altar of Zin.
   163 | D        | Found a glowing golden altar of the Shining One.
   163 | D        | Found a white marble altar of Elyvilon.
   164 | D        | Noticed a deep elf pyromancer
   165 | D        | Noticed a fire elemental
   165 | D        | Noticed a fire elemental
   176 | D        | HP: 3/75 [fire elemental[a deep elf pyromancer] (13)]
   177 | D        | Mangled by a fire elemental

Illustrated notes

Levels and vault maps discovered:
D:        dungeon_sprint_mu [sprint_mu_entry_forest, sprint_mu_temple_rooms,
          sprint_mu_d1_horrors, sprint_mu_d2_genie, sprint_mu_d3_branching,
          sprint_mu_orc_legion, sprint_mu_elf_gauntlet, sprint_mu_hive_nellie,
          sprint_mu_lair_fedhas, sprint_mu_vaults_butterflies,
          sprint_mu_slime_circle, sprint_mu_shoals_kraken,
          sprint_mu_snake_twists, sprint_mu_blade_basic,
          sprint_mu_crypt_fortress, sprint_mu_tomb_spiral,
          sprint_mu_vestibule_basic, sprint_mu_gehenna_hellfire,
          sprint_mu_dis_giant, sprint_mu_tartarus_statrot,
          sprint_mu_cocytus_islands, sprint_mu_zot1]

Skill      XL: |  1  2  3 |
---------------+----------+-----
Fighting       | 3 5 |  5.1
Dodging        | 3 5 |  5.1
Unarmed Combat | 4 6 |  6.1

Action                     |  1- 3 |  4- 6 || total
---------------------------+-------+-------++-------
  Melee: Unarmed           |    26 |     5 ||    31
 Invoke: Berserk           |     1 |     1 ||     2
    Use: Potion            |     2 |     1 ||     3
         Scroll            |       |     1 ||     1
 Armour: Animal skin       |    11 |    17 ||    28
  Dodge: Dodged            |     9 |     4 ||    13

Table legend: (Time is in decaauts)
 A = Elapsed time spent in this place.
 B = Non-inter-level travel time spent in this place.
 C = Inter-level travel time spent in this place.
 D = Time resting spent in this place.
 E = Time spent auto-exploring this place.
 F = Levels seen in this place.
 G = Mean time per level.
                   A        B        C        D        E       F      G
               +--------+--------+--------+--------+--------+-----+--------+
         Total |    179 |    167 |     12 |     27 |     75 |   1 |  179.0 |
       Dungeon |    179 |    167 |     12 |     27 |     75 |   1 |  179.0 |
               +--------+--------+--------+--------+--------+-----+--------+

Top non-repeatable levels by time:
       D: 179 daAuts
